 Dungeon Sprint DCSS version 0.17-a0-1719-g1afd5a1 (webtiles) character file.

60700000 ztt the Plane Walker (level 27, -6/243 (249) HPs)
             Began as a Formicid Warper on Aug 28, 2015.
             Was the Champion of Makhleb.
             Mangled by a vile
             ... wielding a +0 flail of draining
              (11 damage)
             ... in the Dungeon (Sprint VIII: "Arena of Blood").
             The game lasted 00:06:22 (607 turns).

ztt the Plane Walker (Formicid Warper)               Turns: 607, Time: 00:06:22

HP:   -6/243 (249)  AC:  6    Str: 18    XL:     27
MP:   54/54         EV: 34    Int: 15    God:    Makhleb [******]
Gold: 0             SH:  0    Dex: 19    Spells: 1 memorised, 79 levels left

rFire  + . .     SeeInvis +     l - +∞ Axe of Woe
rCold  . . .     Clarity  .     b - +0 leather armour
rNeg   . . .     SustAt   .     (no shield)
rPois  .         Gourm    .     (helmet unavailable)
rElec  .         Spirit   .     (no cloak)
rCorr  .         Warding  .     (no gloves)
rMut   .         Stasis   +     (no boots)
MR     ++...                    (no amulet)
Stlth  +++.......               (no ring)
                                m - ring of protection from fire

@: confused, lethally poisoned (-6 -> -187), non-regenerating, diseased, very
resistant to hostile enchantments, fairly stealthy
A: permanent stasis, dig shafts and tunnels, four strong arms, antennae 3
a: Dig, Minor Destruction, Lesser Servant of Makhleb, Major Destruction, Greater
Servant of Makhleb, Renounce Religion


You were in the Dungeon.
You worshipped Makhleb.
Makhleb was exalted by your worship.
You were not hungry.

You visited 1 branch

Inventory:

Hand weapons
 a - a +0 hand axe
 l - the +∞ Axe of Woe (weapon)
   (You found it in the Dungeon)
Missiles
 e - 5 tomahawks of dispersal (quivered)
Armour
 b - a +0 leather armour (worn)
Jewellery
 m - a ring of protection from fire (left hand)
 n - a +30 ring of slaying
 o - a +100 ring of slaying
Scrolls
 d - 2 scrolls of blinking
Potions
 h - a potion of heal wounds
 i - a potion of haste
 j - 2 potions of magic
 k - a potion of berserk rage
Books
 c - a book of Spatial Translocations

   Spells                             Type                      Level
   a - Apportation                    Translocation                1
   b - Blink                          Translocation                2
   c - Shroud of Golubria             Charms/Translocation         2
   d - Portal Projectile              Translocation                3
   e - Teleport Other                 Translocation                3
   f - Passage of Golubria            Translocation                4


   Skills:
 O Level 27 Fighting
 O Level 27 Axes
 O Level 27 Throwing
 O Level 27 Armour
 O Level 27 Dodging
 O Level 27 Stealth
 O Level 27 Unarmed Combat
 O Level 27 Spellcasting
 O Level 27 Translocations
 O Level 27 Invocations


You had 79 spell levels left.
You knew the following spells:

 Your Spells              Type           Power        Failure   Level  Hunger
a - Apportation           Tloc           #######...   0%          1    None


Dungeon Overview and Level Annotations

Branches:
Dungeon (1/1)

Altars:
Makhleb


Innate Abilities, Weirdness & Mutations

You are under a permanent stasis effect.
You can dig through walls and to a lower floor.
Your four strong arms can wield two-handed weapons with a shield.
You have a pair of large antennae on your head (SInv).


Message History

You hear a shout! x7
The eight-headed meat hydra calls on the powers of darkness!
The eight-headed meat hydra convulses!
The observer convulses!
Your body is wracked with pain!
The bag of meat convulses!
The meat berserker convulses!
The fleshlord convulses!
The scourge convulses!
A scourge comes into view.
The scourge hisses angrily.
You hear a shout!
You hear a shout!
You hear a shout!
The vile throws miasma at you. The foul vapour engulfs you!
You are more poisoned.
Your stasis keeps you stable.
* * * LOW HITPOINT WARNING * * *
You bump into the rock wall.
You are engulfed in dark miasma.
You are more poisoned.
* * * LOW HITPOINT WARNING * * *
x2 You feel extremely sick.
You hear a shout!
The vile hits you with a flail of draining!
You die...

#.#.## ##.#)##
##.#)##
###.#.#.####
#.....)..#.# #
##..........#.#
##.##.....§§§#§#
##.#########§§§§#
##.## ##@9§##{
#.## #9§§§##
##.## o§#9W.D#
##.## ##D##§§.##
##.## ##. #G..##
##.## #


#Oop# ##.# .#9....... ##.## {S..M..{.o ##.## {{{. ....SG. You could see 2
eight-headed meat hydras, an observer (invisible), a scourge, a fleshlord, a
wretched soul (invisible), 4 viles, a meat berserker (berserk) and 2 bags of
meat.

Vanquished Creatures
  3 molten gargoyles (D)
  A hell knight (D)
  6 hell beasts (D)
  3 greater mummies (D)
  12 vampire knights (D)
  26 ogres (D)
  2 liches (D)
  A hydra (D)
  64 orcs (D)
  4 phantoms (D)
  4 hill giants (D)
  6 skeletal warriors (D)
  A sea snake (D)
  7 large abominations (D)
  2 small abominations (D)
142 creatures vanquished.

Vanquished Creatures (others)
  2 crawling corpses (D)
2 creatures vanquished.

Grand Total: 144 creatures vanquished

Notes
Turn   | Place    | Note
--------------------------------------------------------------
     0 | D        | ztt the Formicid Warper began the quest for the Orb.
     0 | D        | Reached XP level 1. HP: 16/16 MP: 3/3
     3 | D        | Noticed a bag of meat
     4 | D        | Became a worshipper of Makhleb the Destroyer
     5 | D        | Noticed a meat berserker
     6 | D        | Noticed a bag of meat
     6 | D        | Noticed a meat berserker
     7 | D        | Noticed a bag of meat
     7 | D        | Noticed a meat berserker
     8 | D        | Noticed a bag of meat
     8 | D        | Killed a bag of meat
     8 | D        | Reached skill level 11 in Fighting
     8 | D        | Reached skill level 10 in Axes
     8 | D        | Reached skill level 12 in Spellcasting
     8 | D        | Reached skill level 17 in Translocations
     8 | D        | Reached XP level 2. HP: 19/38 MP: 3/15
     8 | D        | Reached XP level 3. HP: 22/44 MP: 3/16
     8 | D        | Reached XP level 4. HP: 25/51 MP: 3/18
     8 | D        | Reached XP level 5. HP: 27/57 MP: 3/19
     8 | D        | Reached XP level 6. HP: 30/64 MP: 3/21
     8 | D        | Reached XP level 7. HP: 32/69 MP: 3/22
     8 | D        | Reached XP level 8. HP: 35/76 MP: 3/24
     8 | D        | Reached XP level 9. HP: 37/82 MP: 3/25
     8 | D        | Reached XP level 10. HP: 40/89 MP: 3/26
     8 | D        | Reached XP level 11. HP: 42/95 MP: 3/27
     8 | D        | Reached XP level 12. HP: 45/102 MP: 3/28
     8 | D        | Killed a meat berserker
     8 | D        | Acquired Makhleb's first power
     8 | D        | Reached skill level 21 in Translocations
     8 | D        | Reached XP level 13. HP: 107/114 MP: 3/31
     8 | D        | Reached XP level 14. HP: 113/121 MP: 3/32
     9 | D        | Noticed a bag of meat
     9 | D        | Noticed a bag of meat
     9 | D        | Noticed a bag of meat
     9 | D        | Noticed a bag of meat
     9 | D        | Noticed a meat berserker
     9 | D        | Killed a meat berserker
     9 | D        | Reached skill level 15 in Axes
     9 | D        | Reached skill level 24 in Translocations
     9 | D        | Reached XP level 15. HP: 100/131 MP: 3/35
     9 | D        | Killed a bag of meat
     9 | D        | Acquired Makhleb's second power
     9 | D        | Reached skill level 5 in Throwing
     9 | D        | Reached skill level 25 in Translocations
     9 | D        | Reached XP level 16. HP: 105/141 MP: 3/37
     9 | D        | Killed a meat berserker
     9 | D        | Reached skill level 15 in Dodging
     9 | D        | Reached skill level 26 in Translocations
    10 | D        | Noticed a bag of meat
    10 | D        | Noticed a bag of meat
    10 | D        | Noticed a bag of meat
    10 | D        | Killed a bag of meat
    10 | D        | Acquired Makhleb's third power
    10 | D        | Reached skill level 27 in Translocations
    10 | D        | Reached XP level 17. HP: 150/153 MP: 3/40
    11 | D        | Noticed a meat berserker
    11 | D        | Noticed a large bag of meat
    11 | D        | Noticed a meat berserker
    11 | D        | Killed a meat berserker
    11 | D        | Reached XP level 18. HP: 156/167 MP: 4/43
    12 | D        | Noticed a bag of meat
    12 | D        | Noticed a bag of meat
    13 | D        | Killed a bag of meat
    13 | D        | Killed a meat berserker
    13 | D        | Acquired Makhleb's fourth power
    13 | D        | Reached XP level 19. HP: 176/182 MP: 4/45
    14 | D        | Noticed a meat berserker
    14 | D        | Noticed a bag of meat
    15 | D        | Noticed a bag of meat
    17 | D        | Noticed a bag of meat
    17 | D        | Noticed a bag of meat
    18 | D        | Noticed a bag of meat
    18 | D        | Noticed a bag of meat
    18 | D        | Noticed a bag of meat
    18 | D        | Noticed a bag of meat
    18 | D        | Noticed a destroyer
    19 | D        | Noticed a bag of meat
    19 | D        | Noticed a meat berserker
    19 | D        | Killed a bag of meat
    19 | D        | Killed a meat berserker
    19 | D        | Acquired Makhleb's fifth power
    19 | D        | Reached skill level 15 in Armour
    20 | D        | Noticed a bag of meat
    20 | D        | Noticed a meat berserker
    21 | D        | Noticed a bag of meat
    21 | D        | Noticed a bag of meat
    21 | D        | Noticed a destroyer
    21 | D        | Noticed a bag of meat
    22 | D        | Noticed a meat berserker
    22 | D        | Noticed a bag of meat
    22 | D        | Noticed a bag of meat
    22 | D        | Noticed a meat berserker
    22 | D        | Noticed a bag of meat
    22 | D        | Killed a bag of meat
    22 | D        | Reached skill level 27 in Fighting
    22 | D        | Reached XP level 20. HP: 195/197 MP: 7/49
    22 | D        | Killed a bag of meat
    22 | D        | Reached skill level 27 in Axes
    22 | D        | Reached skill level 10 in Throwing
    22 | D        | Killed a bag of meat
    23 | D        | Noticed a bag of meat
    23 | D        | Noticed a bag of meat
    23 | D        | Noticed a bag of meat
    23 | D        | Noticed a bag of meat
    23 | D        | Noticed a bag of meat
    23 | D        | Noticed a bag of meat
    23 | D        | Killed a bag of meat
    23 | D        | Reached skill level 27 in Spellcasting
    23 | D        | Killed a meat berserker
    23 | D        | Reached XP level 21. HP: 204/204 MP: 7/52
    23 | D        | Killed a meat berserker
    23 | D        | Reached skill level 15 in Throwing
    23 | D        | Reached skill level 27 in Dodging
    24 | D        | Noticed a meat berserker
    24 | D        | Noticed a bag of meat
    24 | D        | Noticed a bag of meat
    24 | D        | Noticed a destroyer
    24 | D        | Killed a meat berserker
    24 | D        | Reached skill level 27 in Armour
    24 | D        | Reached XP level 22. HP: 212/212 MP: 7/53
    24 | D        | Killed a destroyer
    25 | D        | Noticed a bag of meat
    25 | D        | Noticed a bag of meat
    25 | D        | Noticed a meat berserker
    25 | D        | Noticed a bag of meat
    25 | D        | Noticed a bag of meat
    25 | D        | Noticed a bag of meat
    25 | D        | Noticed a bag of meat
    26 | D        | Noticed a bag of meat
    26 | D        | Noticed a meat berserker
    26 | D        | Killed a meat berserker
    26 | D        | Reached skill level 27 in Throwing
    26 | D        | Reached XP level 23. HP: 219/219 MP: 8/54
    26 | D        | Killed a bag of meat
    26 | D        | Reached skill level 10 in Invocations
    26 | D        | Killed a bag of meat
    26 | D        | Reached skill level 15 in Stealth
    27 | D        | Noticed a bag of meat
    27 | D        | Noticed a bag of meat
    27 | D        | Killed a meat berserker
    27 | D        | Killed a bag of meat
    27 | D        | Killed a bag of meat
    27 | D        | Reached XP level 24. HP: 227/227 MP: 8/54
    27 | D        | Killed a bag of meat
    27 | D        | Killed a bag of meat
    28 | D        | Noticed a bag of meat
    28 | D        | Noticed a bag of meat
    29 | D        | Noticed a large bag of meat
    29 | D        | Killed a meat berserker
    29 | D        | Reached skill level 27 in Stealth
    29 | D        | Reached skill level 27 in Invocations
    29 | D        | Killed a bag of meat
    29 | D        | Reached skill level 27 in Unarmed Combat
    29 | D        | Reached XP level 25. HP: 234/234 MP: 9/54
    29 | D        | Killed a bag of meat
    30 | D        | Noticed a meat berserker
    30 | D        | Noticed a meat berserker
    30 | D        | Noticed a meat berserker
    30 | D        | Killed a meat berserker
    30 | D        | Killed a bag of meat
    30 | D        | Killed a destroyer
    30 | D        | Reached XP level 26. HP: 242/242 MP: 9/54
    31 | D        | Killed a bag of meat
    31 | D        | Killed a bag of meat
    32 | D        | Noticed a bag of meat
    32 | D        | Noticed a bag of meat
    32 | D        | Killed a bag of meat
    32 | D        | Killed a bag of meat
    32 | D        | Killed a bag of meat
    32 | D        | Killed a bag of meat
    32 | D        | Killed a bag of meat
    32 | D        | Reached XP level 27. HP: 249/249 MP: 9/54
    33 | D        | Noticed a bag of meat
    33 | D        | Noticed a bag of meat
    33 | D        | Noticed a meat berserker
    33 | D        | Noticed a bag of meat
    33 | D        | Killed a bag of meat
    34 | D        | Killed a bag of meat
    34 | D        | Killed a bag of meat
    34 | D        | Killed a bag of meat
    34 | D        | Killed a bag of meat
    34 | D        | Noticed a destroyer
    35 | D        | Noticed a destroyer
    35 | D        | Noticed a destroyer
    35 | D        | Noticed a bag of meat
    35 | D        | Killed a bag of meat
    35 | D        | Killed a meat berserker
    35 | D        | Killed a destroyer
    36 | D        | Noticed a large bag of meat
    36 | D        | Noticed a bag of meat
    36 | D        | Noticed a destroyer
    36 | D        | Killed a meat berserker
    36 | D        | Killed a bag of meat
    36 | D        | Killed a bag of meat
    37 | D        | Noticed a bag of meat
    37 | D        | Killed a destroyer
    37 | D        | Killed a large bag of meat
    37 | D        | Killed a meat berserker
    38 | D        | Noticed a destroyer
    38 | D        | Noticed a sculptor of flesh
    38 | D        | Noticed a sculptor of flesh
    38 | D        | Killed a large bag of meat
    38 | D        | Killed a bag of meat
    38 | D        | Killed a bag of meat
    38 | D        | Killed a meat berserker
    38 | D        | Killed a bag of meat
    39 | D        | Noticed a bag of meat
    39 | D        | Noticed a bag of meat
    39 | D        | Noticed a destroyer
    39 | D        | Killed a bag of meat
    39 | D        | Killed a meat berserker
    39 | D        | Killed a bag of meat
    39 | D        | Killed a bag of meat
    40 | D        | Killed a bag of meat
    40 | D        | Killed a destroyer
    40 | D        | Killed a destroyer
    41 | D        | Noticed a bag of meat
    41 | D        | Killed a bag of meat
    41 | D        | Killed a destroyer
    42 | D        | Noticed a bag of meat
    42 | D        | Noticed a destroyer
    42 | D        | Killed a bag of meat
    42 | D        | Killed a destroyer
    42 | D        | Killed a bag of meat
    42 | D        | Killed a bag of meat
    43 | D        | Noticed a destroyer
    44 | D        | Noticed a sculptor of flesh
    44 | D        | Noticed a bag of meat
    44 | D        | Killed a bag of meat
    44 | D        | Killed a bag of meat
    44 | D        | Killed a bag of meat
    44 | D        | Killed a bag of meat
    44 | D        | Killed a bag of meat
    45 | D        | Noticed a bag of meat
    45 | D        | Noticed a bag of meat
    46 | D        | Killed a bag of meat
    46 | D        | Killed a bag of meat
    46 | D        | Killed a sculptor of flesh
    47 | D        | Killed a destroyer
    47 | D        | Killed a destroyer
    48 | D        | Killed a bag of meat
    48 | D        | Killed a destroyer
    48 | D        | Killed a bag of meat
    50 | D        | Noticed a bag of meat
    50 | D        | Killed a bag of meat
    50 | D        | Killed a bag of meat
    50 | D        | Killed a bag of meat
    51 | D        | Noticed a bag of meat
    51 | D        | Killed a bag of meat
    51 | D        | Killed a large bag of meat
    52 | D        | Noticed a tyrant
    52 | D        | Killed a sculptor of flesh
    52 | D        | Killed a bag of meat
    52 | D        | Killed a bag of meat
    52 | D        | Killed a bag of meat
    53 | D        | Killed a sculptor of flesh
    54 | D        | Noticed a meat berserker
    55 | D        | Noticed an accursed
    55 | D        | Noticed an accursed
    55 | D        | Noticed a bag of meat
    55 | D        | Noticed a meat berserker
    56 | D        | Noticed a destroyer
    56 | D        | Noticed a meat berserker
    56 | D        | Killed a bag of meat
    56 | D        | Killed a meat berserker
    58 | D        | Killed a destroyer
    58 | D        | Killed a bag of meat
    59 | D        | Noticed an accursed
    59 | D        | Noticed a meat beast
    59 | D        | Noticed a bag of meat
    60 | D        | Killed a bag of meat
    60 | D        | Killed a meat berserker
    60 | D        | Killed a meat beast
    62 | D        | Noticed a meat berserker
    64 | D        | Noticed a meat beast
    64 | D        | Killed a bag of meat
    65 | D        | Noticed an accursed
    66 | D        | Noticed a bag of meat
    69 | D        | Noticed a bag of meat
    70 | D        | Noticed a tyrant
    70 | D        | Noticed a meat berserker
    70 | D        | Noticed a large bag of meat
    70 | D        | Killed an accursed
    70 | D        | Killed a meat berserker
    71 | D        | Noticed a meat beast
    74 | D        | Killed a tyrant
    75 | D        | Killed a meat beast
    76 | D        | Killed a meat beast
    77 | D        | Killed a meat berserker
   105 | D        | Killed a tyrant
   124 | D        | Killed a large bag of meat
   142 | D        | Noticed a meat berserker
   144 | D        | Killed a meat berserker
   145 | D        | Noticed a wretched soul
   148 | D        | Killed a wretched soul
   199 | D        | Killed an accursed
   235 | D        | Noticed an observer
   238 | D        | Noticed a fleshlord
   240 | D        | Noticed a vile
   242 | D        | Noticed a sculptor of flesh
   245 | D        | Noticed a meat berserker
   245 | D        | Killed a vile
   245 | D        | Killed a sculptor of flesh
   248 | D        | Noticed a scourge
   249 | D        | Noticed an observer
   255 | D        | Killed a fleshlord
   256 | D        | Killed a meat berserker
   336 | D        | Noticed a meat berserker
   338 | D        | Noticed a meat beast
   338 | D        | Killed a meat berserker
   339 | D        | Killed a meat beast
   388 | D        | Noticed a bag of meat
   388 | D        | Noticed an accursed
   388 | D        | Noticed a fleshlord
   388 | D        | Noticed a fleshlord
   388 | D        | Noticed a sculptor of flesh
   388 | D        | Noticed an observer
   388 | D        | Noticed a wretched soul
   388 | D        | Noticed a dread
   388 | D        | Noticed a wretched soul
   388 | D        | Noticed a scourge
   388 | D        | Noticed a vile
   388 | D        | Noticed a vile
   388 | D        | Noticed a vile
   389 | D        | Noticed a fleshlord
   395 | D        | Noticed a vile
   402 | D        | Killed a sculptor of flesh
   406 | D        | Killed a vile
   406 | D        | Killed a vile
   407 | D        | Killed a wretched soul
   410 | D        | Killed a wretched soul
   413 | D        | Killed an accursed
   594 | D        | Noticed a scourge
   595 | D        | Killed a scourge
   599 | D        | Noticed a sculptor of flesh
   600 | D        | Noticed a wretched soul
   600 | D        | Noticed a meat beast
   601 | D        | Noticed a meat beast
   601 | D        | Noticed a wretched soul
   602 | D        | Noticed a vile
   604 | D        | Noticed a bag of meat
   604 | D        | Noticed a meat berserker
   604 | D        | Noticed an observer
   604 | D        | Noticed a vile
   604 | D        | Noticed a vile
   604 | D        | Killed a meat beast
   605 | D        | Killed a sculptor of flesh
   605 | D        | Killed a meat berserker
   605 | D        | Killed a wretched soul
   606 | D        | Noticed a meat berserker
   606 | D        | Killed a meat beast
   606 | D        | Noticed a scourge
   607 | D        | HP: 5/243 [poisoned by a vile (dark miasma)]
   607 | D        | Mangled by a vile

Vault maps used:
D:        meatsprint

Action                   |  1- 3 |  4- 6 |  7- 9 | 10-12 | 13-15 | 16-18 | 19-21 | 22-24 | 25-27 || total
-------------------------+-------+-------+-------+-------+-------+-------+-------+-------+-------++-------
Melee: Executioner's axe |     1 |       |       |       |     1 |     3 |     4 |     3 |    57 ||    69
 Cast: Apportation       |       |       |       |       |       |       |       |       |     1 ||     1
 Abil: Dig               |       |       |       |       |       |       |       |       |     4 ||     4
  Use: Potion            |       |       |       |       |       |       |       |       |     1 ||     1
  Eat: Bread ration      |       |       |       |       |       |       |       |       |     1 ||     1
